 Dungeon Crawl Stone Soup version 0.18-a0-921-g28655ce (webtiles) character file.

27221 George the Carver (level 13, -1/116 HPs)
             Began as a Minotaur Gladiator on Dec 27, 2015.
             Was a High Priest of Okawaru.
             Slain by Rupert
             ... wielding a +4 great sword of slicing
              (9 damage)
             ... on level 3 of the Lair of Beasts.
             The game lasted 00:39:58 (15366 turns).

George the Carver (Minotaur Gladiator)             Turns: 15366, Time: 00:39:58

Health: -1/116     AC: 22    Str: 24    XL:     13   Next: 3%
Magic:  15/19      EV: 18    Int:  5    God:    Okawaru [*****.]
Gold:   1493       SH:  0    Dex: 12    Spells: 1 memorised, 11 levels left

rFire  + . .     SeeInvis .     H - +2 short sword (vamp)
rCold  . . .     Gourm    +     E - +6 scale mail of Lugonu's Whim {+Fly rF+}
rNeg   . . .     Faith    .     (no shield)
rPois  +         Spirit   .     c - +1 hat
rElec  .         Dismiss  .     L - +2 cloak of the Sun {Slay+3}
rCorr  .         Reflect  .     U - +0 pair of gloves
SustAt .         Harm     .     (no boots)
MR     .....                    B - amulet of the gourmand
Stlth  +.........               I - +4 ring of slaying
                                v - ring of poison resistance

@: heroism, finesse, very slightly contaminated, not resistant to hostile
enchantments, very unstealthy
A: retaliatory headbutt, horns 2
a: Heroism, Finesse, Renounce Religion, Evoke Flight


You were on level 3 of the Lair of Beasts.
You worshipped Okawaru.
Okawaru was extremely pleased with you.
You were very full.

You visited 3 branches of the dungeon, and saw 16 of its levels.
You also visited: Ossuary and Ice Cave.

You collected 1493 gold pieces.

Inventory:

Hand Weapons
 u - a +1 scimitar of electrocution
 H - a +2 vampiric short sword (weapon)
Missiles
 d - 3 throwing nets
 z - 7 poisoned tomahawks (quivered)
 M - 6 javelins of returning
 T - 2 javelins
 Z - 3 javelins of penetration
Armour
 c - a +1 hat (worn)
 E - the +6 scale mail of Lugonu's Whim (worn) {+Fly rF+}
   (You found it on level 5 of the Dungeon)

   It protects you from fire.
   It lets you fly.
 L - the +2 cloak of the Sun (worn) {Slay+3}
   (Okawaru gifted it to you on level 10 of the Dungeon)

   It affects your accuracy and damage with ranged weapons and melee attacks
   (+3).
 Q - an ice dragon hide
 U - a +0 pair of gloves (worn)
Jewellery
 n - an uncursed ring of protection from magic
 v - a ring of poison resistance (left hand)
 B - an amulet of the gourmand (around neck)
 C - an uncursed ring of protection from fire
 D - an uncursed ring of positive energy
 I - a +4 ring of slaying (right hand)
 S - an uncursed ring of protection from fire
Wands
 o - a wand of disintegration (5/24)
 y - a wand of paralysis (3/24)
 O - a wand of disintegration (16/24)
 P - a wand of confusion (22/48)
 X - a wand of slowing (12/48)
 Y - a wand of teleportation (4/9)
Scrolls
 g - 9 scrolls of remove curse
 p - a scroll of fog
 q - a scroll of enchant weapon
 s - a scroll of blinking
 x - 4 scrolls of teleportation
 K - 3 scrolls of enchant armour
 V - a scroll of magic mapping
Potions
 h - 11 potions of curing
 l - 2 potions of heal wounds
 t - a potion of cancellation
 A - 4 potions of flight
 F - 2 potions of cure mutation
 G - a potion of magic {unknown}
 J - 3 potions of ambrosia {unknown}
 W - a potion of experience {unknown}
Comestibles
 f - 9 bread rations
 r - 6 beef jerkies
 w - 7 meat rations
 N - 29 fruits
 R - 2 slices of pizza


   Skills:
 + Level 11.5(16.5) Fighting
 + Level 14.0(19.0) Long Blades
 - Level 2.0(7.0) Throwing
 + Level 11.2(16.2) Armour
 + Level 10.7(15.7) Dodging
 - Level 9.5 Invocations


You had 11 spell levels left.
You knew the following spells:

 Your Spells              Type           Power        Failure   Level  Hunger
a - Apportation           Tloc           #.........   87%         1    ##.....


Dungeon Overview and Level Annotations

Branches:
Dungeon (12/15)            Temple (1/1) D:5            Lair (3/8) D:11
    Orc (0/2) D:10
  Swamp: Lair:3-6    Shoals: Lair:3-6     Snake: Lair:3-6    Spider: Lair:3-6

Altars:
Ashenzari
Cheibriados
Dithmenos
Elyvilon
Fedhas
Gozag
Kikubaaqudgha
Makhleb
Nemelex Xobeh
Okawaru
Pakellas
Qazlal
Ru
Sif Muna
Trog
Vehumet
Xom
Yredelemnul
Zin
The Shining One
Beogh

Shops:
D:6 *   D:11 ?

Annotations:
Lair:3 Rupert


Innate Abilities, Weirdness & Mutations

You reflexively headbutt those who attack you in melee.
You have a pair of horns on your head.


Message History

The polar bear is heavily wounded.
You closely miss the polar bear.
The polar bear is heavily wounded.
The polar bear barely misses you. x2
The polar bear claws you but does no damage.
You hit the polar bear but do no damage.
You headbutt the polar bear!
The polar bear is severely wounded.
You hit the polar bear but do no damage.
The polar bear is severely wounded.
You hit the polar bear.
You feel better.
The polar bear is almost dead.
The polar bear barely misses you. You furiously retaliate!
You headbutt the polar bear!
You kill the polar bear!
Okawaru accepts your kill.
You closely miss Rupert. Your headbutt misses Rupert.
Rupert hits you with a great sword of slicing!!
* * * LOW HITPOINT WARNING * * *
You die...

#..........# #P####..#.
#.##.......####..#######
.# #................#
...........##.....##
.........###.#......#
......#### #######..##
....## ##...# ### ###
##P..P# #@## ###
##P...##
###@###.###...###
#.@hh........##
#..h..##....##
#####....###..###
........## ####
.........##
#....##..ยง#### ###
..... ##...l.###....


You could see Rupert (berserk), 2 polar bears and a black bear.

Vanquished Creatures
  The ghost of kak the Severer, a journeyman MiBe of Trog (IceCv)
  2 ice dragons (IceCv)
  2 hill giants (D:10)
  3 deep elf magi
  A manticore (D:11)
  4 ugly things
  A cyclops (D:12)
  A gargoyle (D:11)
  2 ice statues (IceCv)
  A centaur skeleton (D:12)
  7 spiny frogs
  4 trolls
  6 komodo dragons
  2 polar bears (Lair:3)
  3 wyverns
  A water elemental (D:11)
  2 hippogriffs
  2 basilisks (D:11)
  A hungry ghost (D:8)
  18 yaks
  The ghost of 4thArraOfDagon the Insei, an amateur KoAM (D:7)
  7 wolves
  8 porcupines
  2 phantoms
  5 black bears
  3 water moccasins
  2 sky beasts
  7 orc warriors
  28 ice beasts
  A necrophage (D:11)
  3 ogres
  6 centaurs
  3 big kobolds
  5 crocodiles
  3 giant frogs
  A wyvern skeleton (D:8)
  2 killer bees (D:11)
  3 scorpions
  4 wights (D:10)
  7 electric eels
  7 crimson imps
  5 hounds
  A quasit (D:12)
  3 centaur zombies
  2 giant frog zombies
  A human zombie (Ossuary)
  2 orc wizards
  A giant frog skeleton (D:10)
  9 orc priests
  9 iguanas
  8 worker ants
  2 big kobold zombies (Ossuary)
  2 hound zombies
  A hound skeleton (D:8)
  2 mummies (Ossuary)
  3 gnolls (D:9)
  15 adders
  3 shadow imps
  44 river rats
  2 adder zombies (Ossuary)
  An adder skeleton (D:7)
  3 worms
  4 giant geckos
  33 orcs
  6 bats
  7 giant cockroaches
  3 goblins
  7 hobgoblins
  16 jackals
  4 quokkas
  A giant gecko skeleton (D:6)
  6 giant newts
  A goblin zombie (Ossuary)
  12 hobgoblin zombies (Ossuary)
  A jackal zombie (Ossuary)
  11 kobolds
  5 kobold zombies (Ossuary)
  11 orc zombies (Ossuary)
  A quokka skeleton (D:9)
  10 rats
  A rat zombie (Ossuary)
431 creatures vanquished.

Vanquished Creatures (others)
  A giant frog (D:10)
  An orc (D:8)
  3 plants
5 creatures vanquished.

Grand Total: 436 creatures vanquished

Notes
Turn   | Place    | Note
--------------------------------------------------------------
     0 | D:1      | George the Minotaur Gladiator began the quest for the Orb.
     0 | D:1      | Reached XP level 1. HP: 18/18 MP: 0/0
   101 | D:1      | Reached skill level 4 in Long Blades
   112 | D:1      | Reached XP level 2. HP: 13/25 MP: 1/1
   638 | D:2      | Found a faded altar to an unknown god.
   729 | D:2      | Reached skill level 5 in Long Blades
   729 | D:2      | Reached XP level 3. HP: 24/30 MP: 2/2
  1214 | D:2      | Reached XP level 4. HP: 25/37 MP: 3/3
  1461 | D:2      | Reached skill level 6 in Long Blades
  1519 | D:2      | Found an oddly glowing altar of Pakellas.
  1520 | D:2      | Found a stormy altar of Qazlal.
  1590 | D:2      | Found an ancient bone altar of Kikubaaqudgha.
  2862 | D:4      | Reached skill level 7 in Long Blades
  2862 | D:4      | Reached XP level 5. HP: 39/42 MP: 4/4
  2962 | D:4      | Noticed an ogre
  2966 | D:4      | Killed an ogre
  3037 | D:4      | Reached skill level 8 in Long Blades
  3090 | D:4      | Found a glowing golden altar of the Shining One.
  3309 | D:5      | Entered Level 5 of the Dungeon
  3309 | D:5      | Found a sand-covered staircase.
  3316 | Ossuary  | Entered an ossuary
  3335 | Ossuary  | Reached XP level 6. HP: 50/50 MP: 5/5
  3477 | Ossuary  | Reached skill level 9 in Long Blades
  3683 | D:5      | Found a sacrificial altar of Ru.
  3702 | D:5      | Got a smoking scale mail
  3713 | D:5      | Identified the +6 scale mail of Lugonu's Whim {+Fly rF+} (You found it on level 5 of the Dungeon)
  3946 | D:5      | Reached XP level 7. HP: 40/56 MP: 6/6
  3981 | D:5      | Found a staircase to the Ecumenical Temple.
  4096 | Temple   | Entered the Ecumenical Temple
  4244 | Temple   | Became a worshipper of Warmaster Okawaru
  4572 | D:6      | Identified a scroll of acquirement
  4573 | D:6      | Got a fine broad axe
  4574 | D:6      | Identified the +7 broad axe of Xetet {drain, +Blink rN+ Int+2} (You acquired it on level 6 of the Dungeon)
  4620 | D:6      | Found a snail-covered altar of Cheibriados.
  4641 | D:6      | Reached skill level 1 in Invocations
  4740 | D:6      | Found a shattered altar of Ashenzari.
  4745 | D:6      | Reached skill level 1 in Armour
  5158 | D:6      | Reached skill level 10 in Long Blades
  5204 | D:6      | Reached * piety under Okawaru
  5266 | D:6      | Found Nanuz's General Store.
  5431 | D:7      | Reached XP level 8. HP: 64/66 MP: 8/8
  5432 | D:7      | Noticed 4thArraOfDagon's ghost (amateur KoAM)
  5438 | D:7      | Killed 4thArraOfDagon's ghost
  5618 | D:7      | Found a shadowy altar of Dithmenos.
  5657 | D:7      | Found a white marble altar of Elyvilon.
  5907 | D:7      | Reached skill level 5 in Dodging
  5983 | D:7      | Found a deep blue altar of Sif Muna.
  6135 | D:8      | Found an ancient bone altar of Kikubaaqudgha.
  6152 | D:8      | Reached ** piety under Okawaru
  6181 | D:8      | Reached skill level 5 in Fighting
  6205 | D:8      | Found an opulent altar of Gozag.
  6341 | D:8      | Reached XP level 9. HP: 74/74 MP: 10/10
  6519 | D:8      | Found a burning altar of Makhleb.
  6620 | D:8      | Found a sparkling altar of Nemelex Xobeh.
  6645 | D:8      | Reached skill level 5 in Armour
  6708 | D:9      | Reached *** piety under Okawaru
  6709 | D:9      | Reached skill level 11 in Long Blades
  6851 | D:9      | Found a shimmering altar of Xom.
  6961 | D:9      | Received a gift from Okawaru
  6961 | D:9      | Reached skill level 5 in Invocations
  7120 | D:9      | Reached XP level 10. HP: 62/84 MP: 13/13
  7347 | D:9      | Reached **** piety under Okawaru
  7399 | D:10     | Entered Level 10 of the Dungeon
  7431 | D:10     | Noticed a deep elf mage
  7439 | D:10     | Killed a deep elf mage
  8035 | D:10     | Reached ***** piety under Okawaru
  8093 | D:10     | Reached skill level 12 in Long Blades
  8243 | D:10     | Noticed a hill giant
  8250 | D:10     | Killed a hill giant
  8347 | D:10     | Received a gift from Okawaru
  8893 | D:10     | Found a roughly hewn altar of Beogh.
  8893 | D:10     | Found a staircase to the Orcish Mines.
  8895 | D:10     | Reached XP level 11. HP: 34/95 MP: 15/15
  9226 | D:10     | Noticed a hill giant
  9233 | D:10     | Killed a hill giant
  9233 | D:10     | Received a gift from Okawaru
  9234 | D:10     | Got a slimy cloak {god gift}
  9246 | D:10     | Identified the +2 cloak of the Sun {Slay+3} (Okawaru gifted it to you on level 10 of the Dungeon)
  9469 | D:11     | Found a frozen archway.
  9476 | IceCv    | Entered an ice cave
  9476 | IceCv    | Noticed kak's ghost (journeyman MiBe)
  9489 | IceCv    | Killed kak's ghost
 10191 | IceCv    | Noticed an ice dragon
 10207 | IceCv    | Killed an ice dragon
 10212 | IceCv    | Noticed an ice dragon
 10221 | IceCv    | Killed an ice dragon
 10446 | D:11     | Reached skill level 10 in Fighting
 10446 | D:11     | Reached skill level 13 in Long Blades
 10622 | D:11     | Reached XP level 12. HP: 96/106 MP: 17/17
 10742 | D:11     | Reached skill level 10 in Armour
 10846 | D:11     | Found a staircase to the Lair.
 11468 | D:11     | Found Joucoucs's Magic Scroll Shoppe.
 11630 | D:11     | Received a gift from Okawaru
 11885 | D:11     | Reached skill level 10 in Dodging
 12750 | D:12     | Received a gift from Okawaru
 13108 | Lair:1   | Entered Level 1 of the Lair of Beasts
 13720 | Lair:1   | Learned a level 1 spell: Apportation
 14062 | Lair:1   | Reached ****** piety under Okawaru
 14062 | Lair:1   | Received a gift from Okawaru
 14888 | Lair:2   | Received a gift from Okawaru
 15308 | Lair:3   | Reached skill level 14 in Long Blades
 15308 | Lair:3   | Reached XP level 13. HP: 116/116 MP: 19/19
 15323 | Lair:3   | Noticed Rupert
 15338 | Lair:3   | HP: 4/116 [polar bear (4)]
 15366 | Lair:3   | Slain by Rupert

Vault maps used:
D:1:      dpeg_arrival_ratfight
D:2:      nicolae_overflow_hidden_temple, ecumenical_altar_2
D:4:      nicolae_tso_carved_into_rock, first_bread
D:5:      overflow_temple_1_default, minmay_temple_entry_glass,
          nicolae_ossuary_entry_ruins
D:6:      nicolae_whirlpool, cheibrodos_ashenzari_chains,
          nicolae_overflow_crystal_walls, serial_shops, nicolae_shop_crystal,
          hangedman_decor_points, minivault_27, kennysheep_generic_room_11
D:7:      marbit_many_paths, basic_altar, nicolae_dithmenos_the_darkroom
D:8:      grunt_gozag_statues, lemuel_coloured_pillars_altar,
          kennysheep_mini_moat, basic_altar, kennysheep_cross_bottleneck,
          minivault_1
D:9:      kennysheep_mini, blue_anna_alchemist
D:10:     david_orc_5
D:11:     lemuel_ice_spiral_2, minmay_lair_entry_grove,
          portal_ice_cave_entry_ice_beasts, serial_shops, kennysheep_little_box
Temple:   jpeg_temple_alley_garden_8
Lair:1:   serial_bayou, serial_bayou_ford_a, serial_bayou_lake_a,
          serial_bayou_crossing, serial_bayou_pond_a, serial_bayou_shore_b
Lair:2:   grunt_megastairs_2
Lair:3:   beast_lair_carwin_large_4, uniq_rupert, uniq_gastronok
Ossuary:  ossuary_tomb_1
IceCv:    ice_cave_small_dragons

Action                   |  1- 3 |  4- 6 |  7- 9 | 10-12 | 13-15 || total
-------------------------+-------+-------+-------+-------+-------++-------
Melee: Long sword        |    73 |   196 |    23 |       |       ||   292
       Broad axe         |       |       |   130 |   129 |       ||   259
       Falchion          |       |       |       |   317 |       ||   317
       Short sword       |       |       |       |   238 |    24 ||   262
Throw: Javelin           |       |       |     3 |    12 |       ||    15
Invok: Heroism           |       |       |       |     3 |     1 ||     4
       Finesse           |       |       |       |     2 |     1 ||     3
Evoke: Wand              |       |       |       |     7 |       ||     7
  Use: Scroll            |       |     8 |     9 |    10 |     1 ||    28
       Potion            |       |       |       |     1 |     2 ||     3
 Stab: Paralysed         |       |       |       |     3 |       ||     3
       Invisible         |       |       |       |     1 |       ||     1
  Eat: Chunk             |     1 |     9 |     9 |    45 |       ||    64
       Bread ration      |       |       |     1 |     1 |       ||     2
